Match 45280509
Unlisted

Match 45280509
End
Construct Infanterie Kompanie
Kettenkrad Recon Vehicle
MG 42 Machine Gun Team
Selects Terror Battlegroup
Selects Machine Gun Camouflage
GrW 34 Mortar Team
MG 42 Machine Gun Team
Construct Luftwaffe Kompanie
Jäger Squad
Jäger Squad
Jäger Squad
tuduloo~
Meseeks_Destroys
BobbyButtCracker
Lergofel
CHINOOOK
Field marshal Prince
Jewoo
120mm Mortar Enjoyer
0
0

Comments sign in to comment!

No comments posted yet!